 Dungeon Crawl Stone Soup version 0.30-a0-341-g682706514a (webtiles) character file.

Game seed: 9792019599833589416

406 ragingrage the Changer (level 6, -1/42 HPs)
             Began as an Octopode Wanderer on Nov 4, 2022.
             Slain by a centaur zombie (2 damage)
             ... in an ossuary.
             The game lasted 00:07:14 (4823 turns).

ragingrage the Changer (Octopode Wanderer)          Turns: 4823, Time: 00:07:15

Health: -1/42      AC:  1    Str: 12    XL:     6   Next: 87%
Magic:  10/10      EV: 12    Int: 16    God:
Gold:   181        SH:  0    Dex: 11    Spells: 6/11 levels left

rFire   . . .      SeeInvis .    p - +1 short sword (venom)
rCold   . . .      Faith    .    (no shield)
rNeg    . . .      Spirit   .    (helmet currently unavailable)
rPois   .          Reflect  .    (no amulet)
rElec   .          Harm     .    (no ring)
rCorr   .          Rampage  .    (no ring)
Will    .....                    (no ring)
Stlth   +++.......               (no ring)
HPRegen 0.27/turn                (no ring)
MPRegen 0.12/turn                (no ring)
                                 (no ring)
                                 (no ring)

@: appendages (expiring), hasted, silenced, invisible, very quick
A: tentacle spike 3, almost no armour, amphibious, 8 rings, camouflage 1,
gelatinous body 1, (nimble swimmer 1), tentacles
a: End Transformation


You were in an ossuary.
One of your tentacles had grown a beastly spike.
You visited 1 branch of the dungeon, and saw 4 of its levels.
You also visited: Ossuary.

You collected 181 gold pieces.

Inventory:

Hand Weapons
 p - a +1 short sword of venom (weapon)
Missiles
 g - 6 silver boomerangs
 n - 4 boomerangs of dispersal
Wands
 o - a wand of charming (5)
Scrolls
 d - 2 scrolls of blinking
 e - 2 scrolls of butterflies {unknown}
 f - a scroll of immolation {unknown}
 h - 2 scrolls of teleportation {unknown}
 i - 3 scrolls of identify {unknown}
 r - a scroll of fear {unknown}
 s - 2 scrolls of enchant weapon {unknown}
 t - a scroll of poison {unknown}
Potions
 b - a potion of might
 j - a potion of haste
 k - a potion of attraction {unknown}
 l - a potion of lignification {unknown}
 m - 2 potions of resistance {unknown}
 q - a potion of berserk rage {unknown}
 u - a potion of flight {unknown}


   Skills:
 + Level 3.4 Fighting
 - Level 2.0 Short Blades
 + Level 4.0 Stealth
 - Level 3.0 Spellcasting
 - Level 5.0 Transmutations
 + Level 4.9 Poison Magic


You had 6 spell levels left.
You knew the following spells:

 Your Spells              Type           Power      Damage    Failure   Level
a - Beastly Appendage     Tmut           36%        N/A       2%          1
b - Sting                 Tmut/Pois      72%        1d6       2%          1
c - Spider Form           Tmut/Pois      18%        N/A       8%          3

Your spell library contained the following spells:

 Spells                   Type           Power      Damage    Failure   Level
 Gell's Gravitas          Tloc           2%         N/A       50%         3
 Lesser Beckoning         Tloc           4%         N/A       50%         3
 Teleport Other           Tloc           2%         N/A       50%         3


Dungeon Overview and Level Annotations

Branches:
Dungeon (4/15)            Ossuary (1/1)
 Temple: D:4-7

Altars:
Cheibriados
Dithmenos
Fedhas
Nemelex Xobeh
Sif Muna
Wu Jian
Xom

Annotations:
D:4 Robin


Innate Abilities, Weirdness & Mutations

One of your tentacles has grown a beastly spike.
You cannot wear most types of armour.
You are amphibious.
You can wear up to eight rings at the same time.
Your skin changes colour to match your surroundings (Stealth+).
Your rubbery body absorbs attacks. (AC +1, EV +1)
((You are camouflaged when in or above water. (Stealth+)))
You have tentacles for arms and can constrict up to eight enemies at once.


Message History

The centaur zombie barely misses you. The centaur zombie kicks you.
You hit the centaur zombie.
The centaur zombie is severely damaged.
The centaur zombie hits you. The centaur zombie kicks you.
The centaur zombie hits you but does no damage.
The centaur zombie closely misses you.
You hit the centaur zombie.
You pierce the centaur zombie.
You squeeze the centaur zombie!
The centaur zombie is almost destroyed.
The centaur zombie hits you. The centaur zombie closely misses you.
The centaur zombie hits you. The centaur zombie closely misses you.
The centaur zombie hits you. The centaur zombie barely misses you.
You hit the centaur zombie.
You destroy the centaur zombie!
The centaur zombie hits you. The centaur zombie kicks you.
Your Stealth skill increases to level 4!
You hit the centaur zombie but do no damage.
You pierce the centaur zombie, but do no damage.
You squeeze the centaur zombie.
The centaur zombie is lightly damaged.
The centaur zombie hits you.
* * * LOW HITPOINT WARNING * * *
The centaur zombie kicks you.
* * * LOW HITPOINT WARNING * * *
You hit the centaur zombie.
You pierce the centaur zombie.
The centaur zombie is moderately damaged.
The centaur zombie hits you.
* * * LOW HITPOINT WARNING * * *
The centaur zombie kicks you.
* * * LOW HITPOINT WARNING * * *
It was a potion of invisibility.
You fade into invisibility!
The centaur zombie closely misses you. The centaur zombie kicks you.
* * * LOW HITPOINT WARNING * * *
It was a potion of haste.
You feel yourself speed up. The centaur zombie hits you.
* * * LOW HITPOINT WARNING * * *
The centaur zombie completely misses you.
The centaur zombie closely misses you. The centaur zombie kicks you.
You die...

####### ##########
......# #........##
......###.........##
.......'...........##
.......'............#
.......'.......8@Z..#
8....#####....8#8...#
...### ###...8....#
..## ##.......# .##
##......# .# #......#
## ##.....# # #...###
# #'''#


You could see a centaur zombie (unable to see you).

Vanquished Creatures
  A water moccasin zombie (Ossuary)
  A bullfrog zombie (Ossuary)
  3 centaur zombies (Ossuary)
  An iguana (D:3)
  2 ogre zombies (Ossuary)
  A gnoll (D:3)
  5 adders (D:3)
  3 adder zombies (Ossuary)
  2 dart slugs
  2 orcs (D:3)
  6 bats
  4 endoplasms
  3 giant cockroaches
  4 gnoll zombies (Ossuary)
  3 goblins
  5 hobgoblins
  5 jackals
  7 kobolds
  4 quokkas
  7 ball pythons
  3 frilled lizards
  4 goblin zombies (Ossuary)
  3 hobgoblin zombies (Ossuary)
  3 orc zombies (Ossuary)
  5 rats
87 creatures vanquished.

Vanquished Creatures (collateral kills)
  An adder (D:4)
  A kobold (D:4)
2 creatures vanquished.

Grand Total: 89 creatures vanquished

Notes
Turn   | Place    | Note
-------+----------+-------------------------------------------
     0 | D:1      | ragingrage the Octopode Wanderer began the quest for the
                  | Orb.
     0 | D:1      | ragingrage set off with the following items: a +1 short
                  | sword, a potion of might; and the following spells
                  | available to memorise: Beastly Appendage, Sting, Spider
                  | Form.
     0 | D:1      | Reached XP level 1. HP: 14/14 MP: 2/2
     2 | D:1      | Learned a level 1 spell: Beastly Appendage
     4 | D:1      | Learned a level 1 spell: Sting
   358 | D:1      | Reached skill level 1 in Poison Magic
   434 | D:1      | Reached XP level 2. HP: 14/19 MP: 1/3
  1293 | D:2      | Identified the +1 leather armour "Eggudwif" {Rampage Int+3}
  1578 | D:2      | Reached XP level 3. HP: 21/24 MP: 0/5
  2222 | D:3      | Learned a level 3 spell: Spider Form
  2475 | D:3      | Reached XP level 4. HP: 29/29 MP: 2/7
  3118 | D:3      | Found a sparkling altar of Nemelex Xobeh.
  3119 | D:3      | Found a shimmering altar of Xom.
  3119 | D:3      | Found a blossoming altar of Fedhas.
  3119 | D:3      | Found a shimmering blue altar of Sif Muna.
  3119 | D:3      | Found a snail-covered altar of Cheibriados.
  3121 | D:3      | Found an ornate altar of the Wu Jian Council.
  3123 | D:3      | Found a shadowy altar of Dithmenos.
  3272 | D:3      | Reached skill level 1 in Stealth
  3383 | D:3      | Reached XP level 5. HP: 35/35 MP: 8/8
  3469 | D:4      | Noticed a sky beast
  3808 | D:4      | Found a sand-covered staircase.
  3910 | D:4      | Noticed Robin
  4043 | Ossuary  | Entered an ossuary
  4211 | Ossuary  | Reached XP level 6. HP: 22/41 MP: 10/10
  4823 | Ossuary  | HP: 1/42 [centaur zombie (5)]
  4823 | Ossuary  | Slain by a centaur zombie

Illustrated notes

Levels and vault maps discovered:
D:1:      lightli_arrival_lavapool, layout_basic, interstate_on_off
D:2:      layout_loops_corners
D:3:      wad_river_or_something, layout_basic, minitemple
D:4:      black_bear_nest_2, layout_cave_pools,
          nicolae_ossuary_entry_false_entrances, serial_shops, shop, uniq_robin
Ossuary:  ossuary_hellmonk_silent_tomb

Skill      XL: |  1  2  3  4  5  6 |
---------------+-------------------+-----
Poison Magic   | 1 2 3 4 |  4.9
Spellcasting   | 2 3 |  3.0
Stealth        | 1 2 4 |  4.0
Fighting       | 3 |  3.4
Short Blades   | |  2.0
Transmutations | |  5.0

Action                   |  1- 3 |  4- 6 || total
-------------------------+-------+-------++-------
Melee: Short sword       |    26 |   115 ||   141
       Tentacles         |     7 |    28 ||    35
       Constrict         |     6 |    22 ||    28
       Kick              |     1 |    23 ||    24
       Punch             |       |     3 ||     3
Throw: Dart              |       |     2 ||     2
       Boomerang         |       |     1 ||     1
 Cast: Beastly Appendage |     3 |     5 ||     8
       Sting             |    45 |    34 ||    79
       Spider Form       |     1 |     1 ||     2
Evoke: Wand              |       |     1 ||     1
  Use: Scroll            |       |     1 ||     1
       Potion            |       |     2 ||     2
 Stab: Sleeping          |     3 |     5 ||     8
Armor: Skin              |     5 |     8 ||    13
Dodge: Dodged            |    25 |    72 ||    97

Table legend: (Time is in decaauts)
 A = Elapsed time spent in this place.
 B = Non-inter-level travel time spent in this place.
 C = Inter-level travel time spent in this place.
 D = Time resting spent in this place.
 E = Time spent auto-exploring this place.
 F = Levels seen in this place.
 G = Mean time per level.
                   A        B        C        D        E       F      G
               +--------+--------+--------+--------+--------+-----+--------+
         Total |   4814 |   4414 |    400 |    985 |   2724 |   5 |  962.8 |
       Dungeon |   4043 |   3643 |    400 |    478 |   2681 |   4 | 1010.8 |
       Ossuary |    771 |    771 |      0 |    507 |     43 |   1 |  771.0 |
               +--------+--------+--------+--------+--------+-----+--------+

Top non-repeatable levels by time:
     D:3: 1662 daAuts
     D:2: 1278 daAuts
     D:1: 1015 daAuts
 Ossuary: 771 daAuts
     D:4: 87 daAuts
